 Dungeon Crawl Stone Soup version 0.26-a0-812-g31a745ddcd (webtiles) character file.

Game seed: 14862200344877042004

159 Morbidden the Gusty (level 5, 13/36 HPs)
             Began as a Demonspawn Air Elementalist on Nov 14, 2020.
             Quit the game on level 6 of the Dungeon.
             The game lasted 00:07:04 (4561 turns).

Morbidden the Gusty (Demonspawn Air Elementalist)   Turns: 4561, Time: 00:07:05

Health: 13/36      AC: -8    Str:  8    XL:     5   Next: 17%
Magic:  3/9        EV: 12    Int: 17    God:
Gold:   126        SH:  0    Dex: 14    Spells: 6/10 levels left

rFire    . . .     SeeInvis +   h - -2 dagger (curse)
rCold    . . .     Faith    .   (no shield)
rNeg     . . .     Spirit   +   a - +0 robe
rPois    .         Reflect  .   (no helmet)
rElec    .         Harm     .   (no cloak)
rCorr    .         Rampage  .   (no gloves)
MR       .....                  (no boots)
Stlth    ++........             b - amulet of guardian spirit
HPRegen  0.12/turn              i - ring of see invisible
MPRegen  0.11/turn              (no ring)

@: corroded
A: talons 2, icy blue scales 1
a: no special abilities


You were on level 6 of the Dungeon.
You visited 1 branch of the dungeon, and saw 4 of its levels.

You collected 126 gold pieces.

Inventory:

Hand Weapons
 c - a +2 dagger of venom
 g - a +1 whip of freezing
 h - a cursed -2 dagger (weapon)
Missiles
 e - 5 javelins (quivered)
Armour
 a - a +0 robe (worn)
Jewellery
 b - an amulet of guardian spirit (around neck)
 i - a ring of see invisible (left hand)
Scrolls
 l - 2 scrolls of enchant armour {unknown}
 m - a scroll of random uselessness {unknown}
Potions
 f - a potion of invisibility
 k - 2 potions of haste {unknown}


   Skills:
 * Level 0.7 Fighting
 + Level 2.1 Dodging
 + Level 2.3 Stealth
 * Level 3.1 Spellcasting
 * Level 2.4 Conjurations
 * Level 3.6 Air Magic


You had 6 spell levels left.
You knew the following spells:

 Your Spells              Type           Power        Failure   Level
a - Shock                 Conj/Air       ##..         4%          1
b - Static Discharge      Conj/Air       ##......     16%         3

Your spell library contained the following spells:

 Spells                   Type           Power        Failure   Level
 Swiftness                Air            ###.....     6%          2
 Airstrike                Air            ###.......   36%         4
 Lightning Bolt           Conj/Air       ##........   80%         5


Dungeon Overview and Level Annotations

Branches:
Dungeon (3/15)

Altars:
Uskayaw

Annotations:
D:2 1 runed translucent door, Crazy Yiuf


Innate Abilities, Weirdness & Mutations

You have razor-sharp toenails.
You are partially covered in icy blue scales. (AC +2)


Message History

You barely miss the jelly.
The jelly is moderately wounded.
The jelly closely misses you.
You hit the jelly.
Your hands burn!
The jelly is heavily wounded.
The jelly misses you.
You hit the jelly but do no damage. The acid corrodes you!
Your hands burn!
You claw the jelly.
The jelly is severely wounded.
The jelly closely misses you.
You hit the jelly but do no damage. The acid corrodes you!
Your hands burn!
The jelly is severely wounded.
The jelly hits you.
You are splashed with acid.
You are too injured to fight recklessly!
You are too injured to fight recklessly!
You are too injured to fight recklessly!
You are too injured to fight recklessly!
You are too injured to fight recklessly!
Unknown command.
Are you sure you want to abandon this character and quit the game? (Confirm with "yes".)

## .# .## .#
.....#####.#
......J@...###...
..#.######........
...........####...
#...####...# .
..#.....##
#..)..#.#
#.#..##<#
#.#.....####
...........#


You could see a jelly.

Vanquished Creatures
  An orc wizard (D:3)
  3 adders
  2 oozes
  5 worms
  3 dart slugs
  2 leopard geckos
  9 orcs (D:3)
  7 bats
  4 giant cockroaches
  4 goblins
  4 hobgoblins
  3 jackals (D:2)
  7 kobolds
  3 quokkas (D:2)
  4 frilled lizards
  7 rats
68 creatures vanquished.

Notes
Turn   | Place    | Note
-------+----------+-------------------------------------------
     0 | D:1      | Morbidden the Demonspawn Air Elementalist began the quest
                  | for the Orb.
     0 | D:1      | Reached XP level 1. HP: 13/13 MP: 3/3
   687 | D:1      | Gained mutation: You have sharp toenails. [demonic
                  | ancestry]
   687 | D:1      | Reached XP level 2. HP: 19/19 MP: 0/5
  1417 | D:1      | Reached XP level 3. HP: 25/25 MP: 2/6
  1422 | D:1      | Learned a level 3 spell: Static Discharge
  2600 | D:2      | Found a hide-covered altar of Uskayaw.
  2753 | D:2      | Gained mutation: You have razor-sharp toenails. [demonic
                  | ancestry]
  2753 | D:2      | Reached XP level 4. HP: 20/31 MP: 4/8
  3055 | D:2      | Found a runed translucent door.
  3056 | D:2      | Noticed Crazy Yiuf
  3660 | D:2      | You fall into a shaft and drop 1 floor!
  3845 | D:3      | Gained mutation: You are partially covered in icy blue
                  | scales. (AC +2) [demonic ancestry]
  3845 | D:3      | Reached XP level 5. HP: 29/36 MP: 1/9
  4336 | D:3      | You fall into a shaft and drop 3 floors!
  4336 | D:6      | Noticed a centaur
  4336 | D:6      | Noticed a centaur
  4561 | D:6      | Quit the game

Illustrated notes

Levels and vault maps discovered:
D:1:      dpeg_arrival_circle_labyrinth_a, layout_basic
D:2:      layout_basic, eat_drink_and_be_merry_uskayaw, uniq_crazy_yiuf_cottage
D:3:      layout_loops_ring, uniq_sigmund
D:6:      layout_basic, lemuel_round_altar

Skill      XL: |  1  2  3  4 |
---------------+-------------+-----
Stealth        | 2 |  2.3
Air Magic      | 3 |  3.6
Conjurations   | 2 |  2.4
Dodging        | 2 |  2.1
Spellcasting   | 3 |  3.1
Fighting       | |  0.7

Action                   |  1- 3 |  4- 6 || total
-------------------------+-------+-------++-------
Melee: Unarmed           |    59 |       ||    59
       Kick              |     7 |    10 ||    17
       Whip              |    20 |     7 ||    27
       Dagger            |       |    40 ||    40
Throw: Javelin           |       |     5 ||     5
 Cast: Shock             |    90 |    47 ||   137
  Use: Scroll            |     3 |     1 ||     4
       Potion            |       |     2 ||     2
 Stab: Sleeping          |     2 |     2 ||     4
       Invisible         |       |     1 ||     1
Armor: Robe              |    27 |    12 ||    39
Dodge: Dodged            |    64 |    49 ||   113

Table legend: (Time is in decaauts)
 A = Elapsed time spent in this place.
 B = Non-inter-level travel time spent in this place.
 C = Inter-level travel time spent in this place.
 D = Time resting spent in this place.
 E = Time spent auto-exploring this place.
 F = Levels seen in this place.
 G = Mean time per level.
                   A        B        C        D        E       F      G
               +--------+--------+--------+--------+--------+-----+--------+
         Total |   4567 |   4471 |     96 |    196 |   3670 |   4 | 1141.8 |
       Dungeon |   4567 |   4471 |     96 |    196 |   3670 |   4 | 1141.8 |
               +--------+--------+--------+--------+--------+-----+--------+

Top non-repeatable levels by time:
     D:1: 2053 daAuts
     D:2: 1726 daAuts
     D:3: 562 daAuts
     D:6: 224 daAuts
